 Dungeon Crawl Stone Soup version 0.27-a0-1191-g601b473118 (webtiles) character file.

Game seed: 11241966837215695877

2678 wakim the Basher (level 9, -1/74 HPs)
             Began as a Minotaur Gladiator on May 23, 2021.
             Was a Follower of Okawaru.
             Slain by a boulder beetle (10 damage)
             ... on level 7 of the Dungeon.
             The game lasted 00:17:09 (6302 turns).

wakim the Basher (Minotaur Gladiator)               Turns: 6302, Time: 00:17:10

Health: -1/74      AC: 20    Str: 21    XL:     9   Next: 37%
Magic:  10/10      EV:  8    Int:  2    God:    Okawaru [*.....]
Gold:   408        SH:  0    Dex: 12    Spells: 8/8 levels left

rFire    . . .     SeeInvis .   b - +3 whip (freeze)
rCold    . . .     Faith    .   (no shield)
rNeg     . . .     Spirit   .   k - +0 plate armour
rPois    .         Reflect  .   c - +0 hat
rElec    +         Harm     .   (no cloak)
rCorr    .         Rampage  .   u - +0 pair of gloves of Atyod {rElec Will+++ Int-4 Stlth+}
Will     +++..                  i - +0 pair of boots
Stlth    ..........             (no amulet)
HPRegen  0.22/turn              x - +4 ring of protection
MPRegen  0.12/turn              D - ring of flight

@: flying
A: horns 2, retaliatory headbutt
a: Renounce Religion, Heroism


You were on level 7 of the Dungeon.
You worshipped Okawaru.
Okawaru was aware of your devotion.
You visited 2 branches of the dungeon, and saw 8 of its levels.
You also visited: Sewer.

You collected 408 gold pieces.

Inventory:

Hand Weapons
 a - a +0 flail
 b - a +3 whip of freezing (weapon)
Missiles
 d - 3 throwing nets {=f!f}
 A - 5 boomerangs of dispersal {=f!f}
 B - 4 curare-tipped darts (quivered) {=f}
Armour
 c - a +0 hat (worn)
 i - a +0 pair of boots (worn)
 k - a +0 plate armour (worn)
 u - the +0 pair of gloves of Atyod (worn) {rElec Will+++ Int-4 Stlth+}
   (You found it on level 5 of the Dungeon)

   It affects your intelligence (-4).
   It insulates you from electricity.
   It greatly increases your willpower.
   It makes you more stealthy.
Jewellery
 x - a +4 ring of protection (left hand)
 D - a ring of flight (right hand)
Wands
 t - a wand of digging (7)
 v - a wand of flame (16)
 w - a wand of acid (9)
Scrolls
 e - a scroll of immolation {unknown}
 f - 8 scrolls of identify {unknown}
 g - 2 scrolls of holy word {unknown}
 h - 7 scrolls of teleportation
 j - a scroll of brand weapon {unknown}
 l - 2 scrolls of noise {unknown}
 m - a scroll of acquirement {unknown}
 q - 2 scrolls of fear {unknown}
 r - 2 scrolls of magic mapping {unknown}
 s - 2 scrolls of enchant weapon {unknown}
 y - 2 scrolls of vulnerability {unknown}
 z - a scroll of enchant armour {unknown}
 C - 2 scrolls of blinking {unknown}
Potions
 n - a potion of cancellation {unknown}
 o - a potion of degeneration {unknown}
 p - a potion of lignification {unknown}
 G - 4 potions of flight


   Skills:
 + Level 5.0 Fighting
 * Level 11.3 Maces & Flails
 - Level 2.0 Throwing
 + Level 8.0 Armour
 + Level 5.1 Dodging
 + Level 2.7 Invocations


You had 8 spell levels left.
You didn't know any spells.
Your spell library contained the following spells:

 Spells                   Type           Power      Damage    Failure   Level
 Corona                   Hex            0%         N/A       100%        1
 Sandblast                Erth           0%         2d4       100%        1
 Ensorcelled Hibernation  Hex/Ice        0%         N/A       100%        2
 Passwall                 Tmut/Erth      0%         N/A       100%        2
 Confusing Touch          Hex            0%         N/A       100%        3
 Dazzling Flash           Conj/Hex       0%         N/A       100%        3
 Stone Arrow              Conj/Erth      0%         3d7       100%        3
 Tukima's Dance           Hex            0%         N/A       100%        3
 Petrify                  Tmut/Erth      0%         N/A       100%        4
 Lee's Rapid Deconstruct  Erth           0%         3d5*      100%        5


Dungeon Overview and Level Annotations

Branches:
Dungeon (7/15)             Temple (1/1) D:4           Sewer (visited)

Altars:
Ashenzari
Cheibriados
Elyvilon
Fedhas
Hepliaklqana
Kikubaaqudgha
Nemelex Xobeh
Okawaru
Qazlal
Ru
Sif Muna
Trog
Uskayaw
Wu Jian
Yredelemnul
Zin
The Shining One

Annotations:
D:3 Grinder


Innate Abilities, Weirdness & Mutations

You have a pair of horns on your head.
You reflexively headbutt those who attack you in melee.


Message History

You whack the centaur zombie!
Your headbutt misses the centaur zombie.
The centaur zombie is severely damaged.
The centaur zombie closely misses you. The centaur zombie barely misses you.
You hit the centaur zombie.
The centaur zombie is severely damaged.
The boulder beetle stops rolling and uncurls.
You hit the centaur zombie.
The centaur zombie is almost destroyed.
The centaur zombie hits you but does no damage.
The centaur zombie kicks you but does no damage.
You hit the centaur zombie. You headbutt the centaur zombie.
You destroy the centaur zombie!
Okawaru accepts your kill.
The boulder beetle curls into a ball and begins rolling!
Throw: 5 darts (curare) {=f}
Press: ? - help, Q - select action, (/) - cycle Shift-Dir - straight line, f/p - boulder beetle
Aim: a boulder beetle (heavily wounded, rolling, 90% to hit)
You throw a curare-tipped dart {=f}.
The curare-tipped dart {=f} hits the boulder beetle.
The boulder beetle is poisoned.
The boulder beetle convulses.
The boulder beetle seems to slow down.
The boulder beetle is heavily wounded.
The wight hits you but does no damage.
A wight comes into view. It is wielding a +0 scimitar.
The boulder beetle hits you!!!
Ouch! That really hurt!
* * * LOW HITPOINT WARNING * * *
The boulder beetle stops rolling and uncurls.
The boulder beetle bites you.
* * * LOW HITPOINT WARNING * * *
The boulder beetle curls into a ball and begins rolling!
You see here a curare-tipped dart {=f}.
Okay, then.
Unknown command.
The boulder beetle is no longer moving slowly.
You see here a curare-tipped dart {=f}.
The boulder beetle looks more healthy.
The boulder beetle hits you!
You die...

#...).....##.###
############.#
#z# #.#######
#.°.....#
#######°.####.#
#......○....#
#.#####zB##.....
#$.@# #.##
#.....# #
#.....##
....##... #...
#.## ... #.# ..
#+


You could see a boulder beetle (rolling) and 2 wights.

Vanquished Creatures
  A two-headed ogre (D:7)
  A water moccasin (D:6)
  Duvessa (D:4)
  2 black bears
  An ice beast (D:6)
  A sky beast (D:7)
  An ogre (D:5)
  Blork the orc (D:4)
  2 bullfrogs
  A scorpion (D:5)
  Dowan (D:4)
  A water moccasin skeleton (D:5)
  6 wights (D:7)
  A centaur zombie (D:7)
  A bullfrog zombie (D:5)
  2 hounds
  3 jellies
  A bullfrog skeleton (D:6)
  2 centaur skeletons
  2 iguanas
  A scorpion zombie (D:5)
  A merfolk siren (Sewer)
  2 orc wizards (D:6)
  A merfolk avatar (Sewer)
  A hound zombie (D:4)
  2 hound skeletons (D:4)
  A howler monkey zombie (D:6)
  A river rat (Sewer)
  10 adders
  2 white imps (D:6)
  A worm (D:3)
  A dart slug (D:2)
  11 orcs
  9 endoplasms
  9 giant cockroaches
  7 goblins
  7 hobgoblins
  5 jackals
  9 quokkas
  16 ball pythons
  6 bats
  6 frilled lizards
  5 kobolds
  29 rats
175 creatures vanquished.

Notes
Turn   | Place    | Note
-------+----------+-------------------------------------------
     0 | D:1      | wakim the Minotaur Gladiator began the quest for the Orb.
     0 | D:1      | Reached XP level 1. HP: 18/18 MP: 0/0
   139 | D:1      | Reached skill level 1 in Armour
   139 | D:1      | Reached XP level 2. HP: 25/25 MP: 1/1
   506 | D:1      | Reached skill level 4 in Maces & Flails
   854 | D:2      | Reached XP level 3. HP: 30/30 MP: 2/2
  1281 | D:3      | Noticed Grinder
  1438 | D:3      | Reached XP level 4. HP: 38/38 MP: 3/3
  1559 | D:3      | Found a faded altar of an unknown god.
  2021 | D:4      | Found a glowing drain.
  2045 | Sewer    | Entered a sewer
  2141 | Sewer    | Reached XP level 5. HP: 40/45 MP: 4/4
  2183 | Sewer    | Reached skill level 5 in Maces & Flails
  2523 | D:4      | Noticed a black bear
  2531 | D:4      | Killed a black bear
  2532 | D:4      | Reached skill level 6 in Maces & Flails
  2532 | D:4      | Reached XP level 6. HP: 51/51 MP: 5/5
  2547 | D:4      | Found a staircase to the Ecumenical Temple.
  2689 | Temple   | Entered the Ecumenical Temple
  2797 | D:4      | Noticed Duvessa
  2810 | D:4      | Killed Duvessa
  2820 | D:4      | Reached skill level 7 in Maces & Flails
  2827 | D:4      | Noticed Dowan
  2844 | D:4      | Killed Dowan
  2845 | D:4      | Reached XP level 7. HP: 35/57 MP: 6/6
  2997 | D:4      | Reached skill level 5 in Armour
  3549 | D:4      | Noticed Blork the orc
  3558 | D:4      | Killed Blork the orc
  3693 | D:5      | Entered Level 5 of the Dungeon
  3696 | D:5      | Identified the +0 pair of gloves of Atyod {rElec Will+++
                  | Int-4 Stlth+}
  3728 | D:5      | Reached skill level 8 in Maces & Flails
  3775 | D:5      | Found a shimmering blue altar of Sif Muna.
  4596 | D:5      | Reached skill level 9 in Maces & Flails
  4596 | D:5      | Reached XP level 8. HP: 64/64 MP: 7/7
  5281 | D:6      | Reached skill level 10 in Maces & Flails
  5644 | D:6      | Found an iron altar of Okawaru.
  5656 | D:6      | Became a worshipper of Warmaster Okawaru
  6057 | D:7      | Reached skill level 1 in Invocations
  6164 | D:7      | Reached * piety under Okawaru
  6230 | D:7      | Noticed a two-headed ogre
  6239 | D:7      | Killed a two-headed ogre
  6240 | D:7      | Reached skill level 11 in Maces & Flails
  6240 | D:7      | Reached skill level 5 in Dodging
  6240 | D:7      | Reached XP level 9. HP: 38/73 MP: 9/9
  6261 | D:7      | Noticed a boulder beetle
  6276 | D:7      | Reached skill level 5 in Fighting
  6302 | D:7      | Slain by a boulder beetle

Illustrated notes

Levels and vault maps discovered:
D:1:      mrwooster_arrival_arrow, layout_basic, chequers_serial_rivers_large_a,
          hex_intersection, hangedman_glass_teeth, minmay_pentomino_t2
D:2:      layout_rooms
D:3:      layout_basic, ebering_ecumenical_altar_abandoned, serial_glass,
          glass_columns_b, glass_columns_a, feat_on_display, uniq_grinder
D:4:      layout_basic, temple_doors_cd, gup_sewer_entry_pipe,
          uniq_blork_the_orc, uniq_duvessa
D:5:      layout_gridville, lemuel_tele_altar
D:6:      layout_loops_cross, okawaru_gym_becter, minmay_misc_feat_more_columns
D:7:      layout_loops_corners, gammafunk_temple_overflow_statue,
          nicolae_ossuary_entry_ruins
Temple:   eino_wide_crystal_templ

Skill      XL: |  1  2  3  4  5  6  7  8  9 |
---------------+----------------------------+-----
Armour         | 1 2 3 4 6 7 8 |  8.0
Maces & Flails | 4 6 7 9 11 | 11.3
Fighting       | 3 4 5 |  5.0
Dodging        | 4 5 |  5.1
Invocations    | 2 |  2.7
Throwing       | |  2.0

Action                   |  1- 3 |  4- 6 |  7- 9 || total
-------------------------+-------+-------+-------++-------
Melee: Whip              |    73 |   187 |   216 ||   476
       Flail             |     2 |       |       ||     2
       Headbutt          |    10 |    20 |    55 ||    85
Throw: Dart              |       |       |     2 ||     2
Evoke: Wand              |       |       |     3 ||     3
Armor: Leather armour    |    18 |       |       ||    18
       Plate armour      |    20 |    78 |    89 ||   187
Dodge: Dodged            |    28 |    43 |    51 ||   122

Table legend: (Time is in decaauts)
 A = Elapsed time spent in this place.
 B = Non-inter-level travel time spent in this place.
 C = Inter-level travel time spent in this place.
 D = Time resting spent in this place.
 E = Time spent auto-exploring this place.
 F = Levels seen in this place.
 G = Mean time per level.
                   A        B        C        D        E       F      G
               +--------+--------+--------+--------+--------+-----+--------+
         Total |   6268 |   6028 |    240 |      0 |   4780 |   9 |  696.4 |
       Dungeon |   5676 |   5443 |    233 |      0 |   4392 |   7 |  810.9 |
        Temple |     78 |     71 |      7 |      0 |     51 |   1 |   78.0 |
         Sewer |    513 |    513 |      0 |      0 |    337 |   1 |  513.0 |
               +--------+--------+--------+--------+--------+-----+--------+

Top non-repeatable levels by time:
     D:5: 1288 daAuts
     D:4: 1201 daAuts
     D:6: 977 daAuts
     D:1: 805 daAuts
     D:3: 640 daAuts
   Sewer: 513 daAuts
     D:2: 495 daAuts
     D:7: 268 daAuts
  Temple: 78 daAuts
